 Dungeon Crawl Stone Soup version 0.31-a0-202-g547052bce9 (webtiles) character file.

Game seed: 4128069787982507439

154 qw the Skirmisher (level 5, -1/29 HPs)
             Began as a Deep Elf Hunter on June 26, 2023.
             Succumbed to a goblin's poison
             ... on level 3 of the Dungeon.
             The game lasted 00:00:48 (1870 turns).

qw the Skirmisher (Deep Elf Hunter)                 Turns: 1870, Time: 00:00:48

Health: -1/29      AC:  8    Str: 10    XL:     5   Next: 13%
Magic:  7/7        EV: 12    Int: 14    God:
Gold:   24         SH:  0    Dex: 18    Spells: 4/4 levels left

rFire   . . .        Y - +1 shortbow
rCold   . . .        (shield currently unavailable)
rNeg    . . .        c - +0 leather armour
rPois   .            (no helmet)
rElec   .            (no cloak)
rCorr   .            (no gloves)
SInv    .            i - +0 pair of boots
Will    .....        (no amulet)
Stlth   ++           d - +4 ring of protection
HPRegen 0.24/turn    (no ring)
MPRegen 0.10/turn

%: no passive effects
@: lethally poisoned (-1 -> -8)
A: no striking features
a: no special abilities


You were on level 3 of the Dungeon.
You visited 1 branch of the dungeon, and saw 3 of its levels.

You collected 90 gold pieces.
You spent 66 gold pieces at shops.


   Skills:
 - Level 1.5 Fighting
 + Level 8.5 Ranged Weapons
 - Level 2.4 Dodging
 - Level 1.2 Stealth


You had 4 spell levels left.
You didn't know any spells.
Your spell library was empty.

Inventory:

Hand Weapons
 Y - a +1 shortbow (weapon)
Armour
 c - a +0 leather armour (worn)
 i - a +0 pair of boots (worn)
Jewellery
 d - a +4 ring of protection (left hand)
Scrolls
 h - 4 scrolls of identify
Potions
 b - a potion of magic {unknown}
 e - a potion of haste {unknown}
 j - a potion of mutation {unknown}
 m - a potion of brilliance {unknown}
 n - a potion of experience {unknown}
 o - 2 potions of attraction {unknown}

Dungeon Overview and Level Annotations

Branches:
Dungeon (3/15)

Altars:

Shops:
D:3 ?


Message History

The hobgoblin hits you but does no damage.
You shoot an arrow. The arrow hits Robin.
Robin is heavily wounded.
Robin hits you but does no damage.
You shoot an arrow.
The arrow hits Robin but does no damage.
Robin is heavily wounded.
Robin hits you but does no damage. The hobgoblin closely misses you.
You shoot an arrow. The arrow hits Robin!
Robin is almost dead.
The goblin hits you but does no damage.
You are poisoned.
Robin hits you with a +0 whip. The hobgoblin misses you.
You shoot an arrow.
The arrow hits Robin but does no damage.
Robin is almost dead.
You feel sick. The goblin hits you but does no damage.
You are more poisoned.
Robin closely misses you. The hobgoblin barely misses you.
You shoot an arrow. The arrow hits Robin.
You kill Robin!
You feel sick. The hobgoblin barely misses you.
The goblin hits you but does no damage.
You are lethally poisoned!
You shoot an arrow. The arrow hits the hobgoblin!
You kill the hobgoblin!
You feel very sick. The goblin barely misses you.
You shoot an arrow. The arrow hits the goblin.
The goblin is severely wounded.
You feel very sick. The goblin hits you but does no damage.
You shoot an arrow. The arrow barely misses the goblin.
You feel very sick. The goblin misses you.
You shoot an arrow. The arrow hits the goblin.
You kill the goblin!
You feel very sick.
There is a lethal amount of poison in your body!
You die...

...... #). #.#
....... #)###...#
....... #.#......
.......###...#
##..8.<.\.8(.#
.....##....#.###
##........#....
#....)))...###
#.....@.......
#.....))##########
.........>.........#
..################.#
# . .......%..#.#
########....# #.####
#.### ##########
#...#


There were no monsters in sight!

Vanquished Creatures
  An orc priest (D:3)
  Robin (D:3)
  4 adders (D:2)
  A worm (D:2)
  4 dart slugs
  3 orcs (D:3)
  3 ball pythons
  6 endoplasms
  2 giant cockroaches (D:1)
  9 goblins
  7 hobgoblins
  4 jackals (D:2)
  3 kobolds (D:1)
  A quokka (D:1)
  5 bats
  A frilled lizard (D:1)
  2 rats
57 creatures vanquished.

Notes
Turn   | Place    | Note
-------+----------+-------------------------------------------
     0 | D:1      | qw the Deep Elf Hunter began the quest for the Orb.
     0 | D:1      | Reached XP level 1. HP: 12/12 MP: 3/3
     0 | D:1      | 0 ||| qw: Version: 0.3-a-22-g0ed2b0b
     0 | D:1      | 0 ||| qw: Game counter: 5952
     0 | D:1      | 0 ||| qw: Melee chars always use a shield: true
     0 | D:1      | 0 ||| qw: God list: Okawaru
     0 | D:1      | 0 ||| qw: Allow faded altars: false
     0 | D:1      | 0 ||| qw: Do Orc after clearing Dungeon:15 true
     0 | D:1      | 0 ||| qw: Do second Lair branch before Depths: true
     0 | D:1      | 0 ||| qw: Lair rune preference: random
     0 | D:1      | 0 ||| qw: Goals: Normal
     0 | D:1      | 0 ||| PLANNING D:1-11
   281 | D:1      | 281 ||| FLEEEEING.
   284 | D:1      | 284 ||| FLEEEEING.
   285 | D:1      | 285 ||| FLEEEEING.
   286 | D:1      | 286 ||| FLEEEEING.
   300 | D:1      | 300 ||| FLEEEEING.
   316 | D:1      | 316 ||| FLEEEEING.
   317 | D:1      | 317 ||| FLEEEEING.
   318 | D:1      | 318 ||| FLEEEEING.
   441 | D:1      | Reached XP level 2. HP: 16/16 MP: 4/4
   461 | D:1      | Reached skill level 6 in Ranged Weapons
   801 | D:1      | 801 ||| UPGRADING to +0 pair of boots.
   806 | D:1      | 806 ||| UPGRADING to +4 ring of protection.
   807 | D:1      | 807 ||| READING 2 scrolls labelled ALANATT IPUMIT.
   808 | D:1      | 808 ||| READING scroll labelled OMPUD KAX GOM.
   809 | D:1      | 809 ||| READING scroll labelled POLEKE AQOLOURPH.
   810 | D:1      | 810 ||| READING scroll labelled MUGUN YLUOQU.
   811 | D:1      | 811 ||| READING scroll labelled NIARIY AWUGYV.
   812 | D:1      | 812 ||| DROPPING scroll of revelation.
   813 | D:1      | 813 ||| DROPPING scroll of butterflies.
  1066 | D:2      | Reached XP level 3. HP: 20/20 MP: 5/5
  1205 | D:2      | Reached skill level 7 in Ranged Weapons
  1498 | D:2      | Reached XP level 4. HP: 21/25 MP: 6/6
  1659 | D:2      | 1659 ||| READING scroll labelled GORHAU MEZUSS.
  1660 | D:2      | 1660 ||| READING scroll labelled LIDWUL SONIASI.
  1661 | D:2      | 1661 ||| READING 2 scrolls of identify.
  1661 | D:2      | 1661 ||| IDENTIFYING ruby potion
  1662 | D:2      | 1662 ||| DROPPING potion of invisibility.
  1770 | D:3      | Found Wawumi's Magic Scroll Shoppe.
  1787 | D:3      | Reached skill level 8 in Ranged Weapons
  1830 | D:3      | 1830 ||| BUYING scroll of identify (22 gold).
  1830 | D:3      | Bought a scroll of identify for 22 gold pieces
  1830 | D:3      | 1830 ||| BUYING scroll of identify (22 gold).
  1830 | D:3      | Bought a scroll of identify for 22 gold pieces
  1830 | D:3      | 1830 ||| BUYING scroll of identify (22 gold).
  1830 | D:3      | Bought a scroll of identify for 22 gold pieces
  1836 | D:3      | Noticed Robin
  1847 | D:3      | 1847 ||| Stepping ~*~*~tactically~*~*~ (outnumbered).
  1848 | D:3      | 1848 ||| FLEEEEING.
  1849 | D:3      | 1849 ||| FLEEEEING.
  1850 | D:3      | 1850 ||| FLEEEEING.
  1851 | D:3      | 1851 ||| FLEEEEING.
  1852 | D:3      | 1852 ||| FLEEEEING.
  1855 | D:3      | Reached XP level 5. HP: 25/29 MP: 7/7
  1865 | D:3      | Killed Robin
  1867 | D:3      | HP: 6/29 [poisoned by a goblin]
  1869 | D:3      | HP: 1/29 [poisoned by a goblin]
  1870 | D:3      | Succumbed to a goblin's poison

Levels and vault maps discovered:
D:1:      dpeg_arrival_circle_labyrinth_b, layout_basic
D:2:      layout_loops_corners
D:3:      layout_basic, serial_shops, shop_statue, gammafunk_ghost_arena,
          serial_curves, eino_curves_03, eino_curves_02, eino_curves_01,
          eino_curves_01, chequers_avenue, kennysheep_generic_room_13,
          uniq_crazy_yiuf_cottage, uniq_robin, uniq_grinder, uniq_jessica

Skill      XL: |  1  2  3  4 |
---------------+-------------+-----
Ranged Weapons | 6 7 8 |  8.5
Fighting       | |  1.5
Dodging        | |  2.4
Stealth        | |  1.2

Action                     |  1- 3 |  4- 6 || total
---------------------------+-------+-------++-------
   Fire: Shortbow          |   101 |    63 ||   164
    Use: Scroll            |     5 |     3 ||     8
 Armour: Leather armour    |    22 |    22 ||    44
  Dodge: Dodged            |    23 |    22 ||    45

Table legend:
 A = Non-vault XP
 B = Vault XP
 C = Vault XP percentage of total XP
 D = Non-vault monster count
 E = Vault monster count
 F = Vault count percentage of total count
                 A         B        C        D         E       F
            +---------+---------+-------+---------+---------+-------
      Total |     184 |      36 |  16.4 |      46 |      11 |  19.3
            +---------+---------+-------+---------+---------+-------
        D:1 |      32 |       0 |   0.0 |      17 |       0 |   0.0
        D:2 |      95 |       0 |   0.0 |      21 |       0 |   0.0
        D:3 |      57 |      36 |  38.7 |       8 |      11 |  57.9
            +---------+---------+-------+---------+---------+-------
